 Dungeon Crawl Stone Soup version 0.30.0-30-g96aa6591b8 (webtiles) character file.

Game seed: 15223521983286815581

441 Chiseanne the Covert (level 7, 0/47 (50) HPs)
             Began as an Octopode Delver on June 28, 2023.
             Slain by a wight
             ... wielding a +1 short sword
              (8 damage)
             ... on level 7 of the Dungeon.
             The game lasted 00:03:25 (1911 turns).

Chiseanne the Covert (Octopode Delver)              Turns: 1911, Time: 00:03:25

HP:   0/47 (50)     AC:  1    Str: 11    XL:     7   Next: 2%
MP:   7/7           EV: 15    Int: 12    God:
Gold: 64            SH:  0    Dex: 16    Spells: 6/6 levels left

rFire   . . .        a - +1 whip (elec)
rCold   . . .        (no shield)
rNeg    . . .        (helmet restricted)
rPois   .            (no amulet)
rElec   .            (no ring)
rCorr   .            (no ring)
SInv    .            (no ring)
Will    .....        (no ring)
Stlth   +++++        (no ring)
HPRegen 0.27/turn    (no ring)
MPRegen 0.10/turn    (no ring)
                     (no ring)

%: no passive effects
@: drained
A: almost no armour, amphibious, 8 rings, camouflage 1, gelatinous body 1,
(nimble swimmer 1), tentacles
a: no special abilities


You were on level 7 of the Dungeon.
You visited 1 branch of the dungeon, and saw 3 of its levels.

You collected 64 gold pieces.

Inventory:

Hand Weapons
 a - a +1 whip of electrocution (weapon)
 l - the +5 sling of Anger {drain, rElec Dex+5}
   (You found it on level 5 of the Dungeon)

   Dex:       It affects your dexterity (+5).
   rElec:     It insulates you from electricity.
Missiles
 g - 19 stones (quivered)
 h - 11 poisoned darts
 k - 3 boomerangs
Wands
 f - a wand of digging (3)
Scrolls
 b - 2 scrolls of fog
 d - a scroll of fear
Potions
 e - 2 potions of haste
 i - a potion of resistance {unknown}
 j - a potion of mutation {unknown}
 m - a potion of flight {unknown}


   Skills:
 * Level 5.0 Fighting
 - Level 2.0 Maces & Flails
 * Level 4.4 Dodging
 * Level 8.8 Stealth


You had 6 spell levels left.
You didn't know any spells.
Your spell library contained the following spells:

 Spells                   Type           Power      Damage    Failure   Level
 Dazzling Flash           Conj/Hex       0%         N/A       69%         3
 Volatile Blastmotes      Fire/Tloc      0%         2d10      69%         3
 Iskenderun's Mystic Bla  Conj/Tloc      0%         2d3       97%         4
 Starburst                Conj/Fire      0%         6d3       100%        6


Dungeon Overview and Level Annotations

Branches:
Dungeon (7/15)
 Temple: D:4-7

Altars:

Shops:
D:6 *

Annotations:
D:5 1 runed translucent door, exclusion: sleepcap, Prince Ribbit; zxspectator's ghost, novice FoFi


Innate Abilities, Weirdness & Mutations

You cannot wear most types of armour.
You are amphibious.
You can wear up to eight rings at the same time.
Your skin changes colour to match your surroundings (Stealth+).
Your rubbery body absorbs attacks. (AC +1, EV +1)
((You are camouflaged when in or above water. (Stealth+)))
You have tentacles for arms and can constrict up to eight enemies at once.


Message History

You barely miss the wight. You grab the wight.
You constrict the wight, but do no damage.
The wight hits you with a +1 morningstar!
You feel drained.
You hit the wight. Lightning courses through the wight!
The wight is almost destroyed.
You constrict the wight, but do no damage.
The wight closely misses you.
You hit the wight but do no damage.
The wight is almost destroyed.
You constrict the wight, but do no damage.
The wight misses you.
You hit the wight. Lightning courses through the wight!!
You destroy the wight!
Your life force feels restored.
Your Fighting skill increases to level 5!
You have reached level 7!
You hit the wight but do no damage. Your grab misses the wight.
You squeeze the wight.
The wight is lightly damaged.
The wight hits you with a +1 short sword!
* * * LOW HITPOINT WARNING * * *
You feel drained.
* * * LOW HITPOINT WARNING * * *
You feel better.
The wight hits you with a +1 short sword!
* * * LOW HITPOINT WARNING * * *
You feel better. The wight barely misses you.
You completely miss the wight. You grab the wight.
The wight is lightly damaged.
You constrict the wight, but do no damage.
The wight hits you with a +1 short sword.
* * * LOW HITPOINT WARNING * * *
You feel drained.
* * * LOW HITPOINT WARNING * * *
You hit the wight.
The wight is moderately damaged.
You constrict the wight, but do no damage.
The wight hits you with a +1 short sword!
You die...

#....# .. ......# #. ....... .#
....... ##.# ....... #..#######
....... ##.#......###
..........##..#.....^..##
.........zz@............##
...............####...........#
..............# #...........###
..............# ##.............##
..............# #...........##...
..............###..........######
u..............##..........#
#...........z..#..........##
#..............#.........##


You could see 2 wights.

Vanquished Creatures
  A water moccasin (D:5)
  3 scorpions
  2 wights (D:7)
  An orc wizard (D:5)
  2 adders (D:5)
  2 ufetubi (D:5)
  4 orcs (D:5)
15 creatures vanquished.

Notes
Turn   | Place    | Note
-------+----------+-------------------------------------------
     0 | D:5      | Chiseanne the Octopode Delver began the quest for the Orb.
     0 | D:5      | Reached XP level 1. HP: 16/16 MP: 1/1
   121 | D:5      | Found a runed translucent door.
   126 | D:5      | Noticed zxspectator's ghost (novice FoFi)
   164 | D:5      | Reached XP level 2. HP: 12/21 MP: 2/2
   358 | D:5      | Noticed Prince Ribbit
   541 | D:5      | Noticed a scorpion
   547 | D:5      | Killed a scorpion
   548 | D:5      | Reached skill level 7 in Stealth
   548 | D:5      | Reached XP level 3. HP: 19/27 MP: 3/3
   548 | D:5      | Reached XP level 4. HP: 23/33 MP: 4/4
   586 | D:5      | Noticed a scorpion
   595 | D:5      | Killed a scorpion
   596 | D:5      | Reached XP level 5. HP: 20/37 MP: 5/5
   853 | D:5      | Noticed a water moccasin
   867 | D:5      | Killed a water moccasin
   868 | D:5      | Reached skill level 8 in Stealth
   868 | D:5      | Reached XP level 6. HP: 20/44 MP: 6/6
  1174 | D:5      | Identified the +5 sling of Anger {drain, rElec Dex+5}
  1504 | D:6      | Found Asics's Assorted Antiques.
  1556 | D:7      | Noticed a black bear
  1571 | D:7      | Noticed a sky beast
  1761 | D:7      | Noticed a red ugly thing
  1907 | D:7      | Reached skill level 5 in Fighting
  1907 | D:7      | Reached XP level 7. HP: 16/50 MP: 7/7
  1908 | D:7      | HP: 2/48 [wight/+1 short sword (9)]
  1911 | D:7      | Slain by a wight

Illustrated notes

Levels and vault maps discovered:
D:5:      layout_layer_cave, ebering_ghost_reflecting_pool, uniq_prince_ribbit1
D:6:      layout_loops_corners, serial_shops, shop
D:7:      layout_cave_pods

Skill      XL: |  1  2  3  4  5  6 |
---------------+-------------------+-----
Stealth        | 7 8 |  8.8
Fighting       | 4 5 |  5.0
Dodging        | 3 4 |  4.4
Maces & Flails | |  2.0

Action                     |  1- 3 |  4- 6 |  7- 9 || total
---------------------------+-------+-------+-------++-------
  Melee: Mace              |    12 |     8 |       ||    20
         Constrict         |     3 |     8 |     1 ||    12
         Tentacles         |     1 |     8 |     1 ||    10
         Punch             |       |     1 |       ||     1
         Whip              |       |    23 |     3 ||    26
    Use: Potion            |       |     1 |     2 ||     3
         Scroll            |       |     3 |       ||     3
   Stab: Sleeping          |     2 |     4 |       ||     6
 Armour: Skin              |       |     3 |       ||     3
  Dodge: Dodged            |     8 |    16 |     1 ||    25
